 Dungeon Crawl Stone Soup version 0.19.3-1-g3169bf9 (webtiles) character file.

603 Naow the Infuser (level 7, 0/36 HPs)
             Began as a Deep Elf Conjurer on Jan 25, 2017.
             Slain by a scorpion (2 damage)
             ... on level 5 of the Dungeon.
             The game lasted 00:08:11 (5134 turns).

Naow the Infuser (Deep Elf Conjurer)                Turns: 5134, Time: 00:08:11

Health: 0/36       AC:  3    Str:  5    XL:     7   Next: 18%
Magic:  5/16       EV: 13    Int: 22    God:
Gold:   153        SH:  0    Dex: 15    Spells: 5 memorised, 1 level left

rFire  . . .     SeeInvis .     f - +0 dagger (curse)
rCold  . . .     Gourm    .     a - +0 robe
rNeg   . . .     Faith    .     (no shield)
rPois  .         Spirit   .     (no helmet)
rElec  .         Reflect  .     B - +0 cloak
rCorr  .         Harm     .     (no gloves)
MR     .....                    (no boots)
Stlth  ++........               (no amulet)
                                (no ring)
                                (no ring)

@: lethally poisoned (0 -> -5)
A: no striking features
a: no special abilities


You were on level 5 of the Dungeon.
You were not hungry.

You visited 2 branches of the dungeon, and saw 6 of its levels.

You collected 153 gold pieces.

Inventory:

Hand Weapons
 f - a cursed +0 dagger (weapon)
 E - a +0 dagger of flaming
Armour
 a - a +0 robe (worn)
 j - a cursed +0 buckler
 B - a +0 cloak (worn)
Jewellery
 q - an uncursed ring of flight {unknown}
 u - a cursed ring of loudness {unknown}
 v - a cursed -6 ring of protection {unknown}
 z - an uncursed amulet of the gourmand {unknown}
 C - a +2 ring of slaying {unknown}
Wands
 o - a wand of random effects (30/48)
 w - a wand of random effects (16/48)
Scrolls
 d - 2 scrolls of enchant weapon {unknown}
 e - 3 scrolls of identify {unknown}
 h - 2 scrolls of remove curse {unknown}
 i - 2 scrolls of teleportation {unknown}
 m - 2 scrolls of blinking {unknown}
 p - a scroll of amnesia {unknown}
 y - a scroll of recharging {unknown}
 G - a scroll of immolation {unknown}
Potions
 n - a potion of agility {unknown}
 r - a potion of ambrosia {unknown}
 s - 3 potions of curing {unknown}
 t - 2 potions of haste {unknown}
 x - a potion of resistance {unknown}
 A - 2 potions of mutation {unknown}
 D - 2 potions of flight {unknown}
 F - a potion of heal wounds {unknown}
 I - a potion of cure mutation {unknown}
Books
 b - a book of Conjurations

   Spells                             Type                      Level
   a - Magic Dart                     Conjuration                  1
   b - Searing Ray                    Conjuration                  2
   c - Dazzling Spray                 Conjuration/Hexes            3
   d - Fulminant Prism                Conjuration/Hexes            4
   e - Iskenderun's Mystic Blast      Conjuration                  4
   f - Iskenderun's Battlesphere      Conjuration/Charms           5
 H - a book of Minor Magic

   Spells                             Type                      Level
   a - Magic Dart                     Conjuration                  1
   b - Blink                          Translocation                2
   c - Call Imp                       Summoning                    2
   d - Repel Missiles                 Charms/Air                   2
   e - Slow                           Hexes                        2
   f - Conjure Flame                  Conjuration/Fire             3
   g - Mephitic Cloud                 Conjuration/Poison/Air       3
Comestibles
 c - 2 bread rations
 g - a slice of pizza
 k - 2 meat rations
 l - a beef jerky
 J - 4 chunks of flesh


   Skills:
 - Level 2.4 Dodging
 - Level 2.4 Stealth
 - Level 4.7 Spellcasting
 - Level 6.4 Conjurations
 + Level 8.1 Charms


You had one spell level left.
You knew the following spells:

 Your Spells              Type           Power        Failure   Level  Hunger
a - Magic Dart            Conj           ####         1%          1    None
b - Searing Ray           Conj           ####..       1%          2    None
c - Iskenderun's Battles  Conj/Chrm      #####...     17%         5    #####..
d - Iskenderun's Mystic   Conj           ####....     10%         4    ####...
e - Repel Missiles        Chrm/Air       ###...       3%          2    None


Dungeon Overview and Level Annotations

Branches:
Dungeon (5/15)             Temple (1/1) D:4

Altars:
Ashenzari
Cheibriados
Dithmenos
Elyvilon
Fedhas
Gozag
Hepliaklqana
Kikubaaqudgha
Makhleb
Nemelex Xobeh
Okawaru
Ru
Sif Muna
Trog
Uskayaw
Xom
Yredelemnul
The Shining One


Message History

* * * LOW HITPOINT WARNING * * *
Casting: Magic Dart
Confirm with . or Enter, or press ? or * to list all spells.
Aiming: Magic Dart
Press: ? - help, Shift-Dir - straight line, f/p - scorpion
Aim: a scorpion (almost dead)
The magic dart hits the scorpion.
The scorpion is almost dead.
The scorpion misses you.
Casting: Magic Dart
Confirm with . or Enter, or press ? or * to list all spells.
Aiming: Searing Ray
Press: ? - help, Shift-Dir - straight line, f/p - scorpion
Aim: a scorpion (almost dead)
The searing ray hits the scorpion.
The scorpion is almost dead. (Press . to maintain the ray.)
* * * LOW HITPOINT WARNING * * *
You feel sick. The scorpion stings you.
You die...

## .. #############
..
#...........######
#@#######.........
#s# #.#....... ...
...##...... #....
.....##......
...........##.)[...
.....####.#.##..[...
.....# #.#.##...[..
....?.# #.#. #......
#......


You could see a scorpion.

Vanquished Creatures
  The ghost of Naow the Conjurer, a novice DECj (D:5)
  A scorpion (D:4)
  A hound (D:5)
  A centaur skeleton (D:4)
  Ijyb (D:2)
  2 orc wizards (D:5)
  A hound skeleton (D:5)
  6 adders
  A shadow imp (D:5)
  3 oozes
  A worm (D:3)
  2 dart slugs
  7 leopard geckos
  9 orcs
  2 giant cockroaches
  10 goblins
  8 hobgoblins
  12 jackals
  5 kobolds
  3 quokkas
  A ball python (D:3)
  7 bats
  7 frilled lizards
  6 rats
98 creatures vanquished.

Notes
Turn   | Place    | Note
-------+----------+-------------------------------------------
     0 | D:1      | Naow the Deep Elf Conjurer began the quest for the Orb.
     0 | D:1      | Reached XP level 1. HP: 10/10 MP: 6/6
   438 | D:1      | Reached XP level 2. HP: 15/15 MP: 4/8
   442 | D:1      | Learned a level 2 spell: Searing Ray
   697 | D:1      | Reached skill level 5 in Conjurations
   989 | D:1      | Reached XP level 3. HP: 16/19 MP: 0/10
  1871 | D:2      | Noticed Ijyb
  1879 | D:2      | Killed Ijyb
  1879 | D:2      | Reached XP level 4. HP: 24/24 MP: 1/12
  2141 | D:2      | Found a white marble altar of Elyvilon.
  3098 | D:3      | Reached XP level 5. HP: 28/28 MP: 10/13
  3107 | D:3      | Learned a level 5 spell: Iskenderun's Battlesphere
  3112 | D:3      | Learned a level 4 spell: Iskenderun's Mystic Blast
  3819 | D:4      | Found a staircase to the Ecumenical Temple.
  3833 | Temple   | Entered the Ecumenical Temple
  4032 | D:4      | Reached skill level 1 in Charms
  4151 | D:4      | Reached skill level 2 in Charms
  4280 | D:4      | Reached skill level 4 in Charms
  4317 | D:4      | Reached XP level 6. HP: 32/32 MP: 11/15
  4518 | D:4      | Learned a level 2 spell: Repel Missiles
  4690 | D:5      | Entered Level 5 of the Dungeon
  4703 | D:5      | Noticed Naow's ghost (novice DECj)
  4714 | D:5      | Killed Naow's ghost
  4714 | D:5      | Reached skill level 7 in Charms
  4804 | D:5      | Reached XP level 7. HP: 32/36 MP: 8/16
  4912 | D:5      | Found a burning altar of Makhleb.
  5067 | D:5      | Reached skill level 8 in Charms
  5134 | D:5      | Slain by a scorpion

Skill      XL: |  1  2  3  4  5  6  7 |
---------------+----------------------+-----
Conjurations   | 5 6 |  6.4
Spellcasting   | 4 |  4.7
Charms         | 4 7 8 |  8.1
Dodging        | |  2.4
Stealth        | |  2.4

Action                   |  1- 3 |  4- 6 |  7- 9 || total
-------------------------+-------+-------+-------++-------
Melee: Unarmed           |    10 |       |       ||    10
 Cast: Magic Dart        |    81 |   128 |    34 ||   243
       Searing Ray       |       |     5 |     2 ||     7
       Iskenderun's Myst |       |     1 |       ||     1
  Eat: Chunk             |     3 |     9 |     1 ||    13
Armor: Robe              |     4 |     5 |     1 ||    10
Dodge: Dodged            |    19 |    19 |     3 ||    41
